 Dungeon Crawl Stone Soup version 0.24.0-2-g5b39cebb1c (webtiles) character file.

Game seed: 4016989145047898403, levelgen mode: deterministic

3066 MTVSty1e the Severer (level 9, -2/79 HPs)
             Began as a Minotaur Monk on Oct 29, 2019.
             Slain by a hellwing (13 damage)
             ... summoned by an orc high priest
             ... in a bailey.
             The game lasted 00:10:25 (5974 turns).

MTVSty1e the Severer (Minotaur Monk)                Turns: 5974, Time: 00:10:26

Health: -2/79      AC:  2    Str: 20    XL:     9   Next: 57%
Magic:  8/8        EV:  6    Int:  7    God:
Gold:   305        SH:  3    Dex: 12    Spells: 8/8 levels left

rFire    . . .     SeeInvis .   t - +0 war axe
rCold    . . .     Gourm    .   l - +0 buckler
rNeg     + + .     Faith    .   z - +0 plate armour
rPois    .         Spirit   .   (helmet restricted)
rElec    .         Reflect  .   m - +2 cloak of Prudence {rN++}
rCorr    .         Harm     .   (no gloves)
MR       +....                  a - +0 pair of boots
Stlth    ..........             w - amulet of the acrobat
HPRegen  0.23/turn              k - ring of flight
MPRegen  0.11/turn              v - ring of protection from magic

@: corroded, studying Axes
A: retaliatory headbutt, horns 2
a: Evoke Flight


You were in a bailey.
You were not hungry.

You visited 1 branch of the dungeon, and saw 8 of its levels.
You also visited: Bailey.

You collected 305 gold pieces.

Inventory:

Hand Weapons
 t - a +0 war axe (weapon)
 E - a +0 mace of protection
Armour
 a - a +0 pair of boots (worn)
 l - a +0 buckler (worn)
 m - the +2 cloak of Prudence (worn) {rN++}
   (You found it on level 5 of the Dungeon)

   It greatly protects you from negative energy.
 z - a +0 plate armour (worn)
Jewellery
 k - a ring of flight (left hand)
 v - a ring of protection from magic (right hand)
 w - an amulet of the acrobat (around neck)
 x - an uncursed amulet of the gourmand
Wands
 e - a wand of polymorph (11)
 q - a wand of disintegration (19)
 s - a wand of scattershot (4)
 B - a wand of paralysis (10)
Scrolls
 h - 2 scrolls of fear
 i - 2 scrolls of blinking
 j - 4 scrolls of teleportation
 p - a scroll of magic mapping
 y - a scroll of fog
Potions
 f - 3 potions of curing
 n - 2 potions of brilliance
 o - 2 potions of flight
 r - a potion of resistance
 u - a potion of agility {unknown}
Books
 g - a manual of Axes
Comestibles
 c - 7 rations


   Skills:
 + Level 7.1 Fighting
 * Level 16.5 Axes
 - Level 3.2 Dodging
 - Level 1.5 Stealth


You had 8 spell levels left.
You didn't know any spells.
Your spell library contained the following spells:

 Spells                   Type           Power        Failure   Level  Hunger
 Confusing Touch          Hex            #.....       100%        1    ##.....
 Confuse                  Hex            #.......     100%        3    ####...
 Gell's Gravitas          Tloc           #.........   100%        3    ####...
 Petrify                  Tmut/Erth      #.......     100%        4    #####..
 Metabolic Englaciation   Hex/Ice        #.........   100%        5    ######.
 Yara's Violent Unravell  Hex/Tmut       #.........   100%        5    ######.


Dungeon Overview and Level Annotations

Branches:
Dungeon (9/15)               Lair (0/6) D:8          Bailey (1/1)
 Temple: D:4-7          Orc: D:9-12

Altars:
Ashenzari
Cheibriados
Fedhas
Kikubaaqudgha
Ru
Trog
Yredelemnul

Shops:
D:4 !

Annotations:
D:3 2 transporters, Akransas's ghost, amateur DrWn


Innate Abilities, Weirdness & Mutations

You reflexively headbutt those who attack you in melee.
You have a pair of horns on your head.


Message History

* * * LOW HITPOINT WARNING * * *
The rust devil corrodes you!
The orc high priest hits you with a +0 war axe.
* * * LOW HITPOINT WARNING * * *
As you read the scroll of fear, it crumbles to dust.
You assume a fearsome visage.
The ufetubus is unaffected. x2
The orc high priest resists with almost no effort.
The ynoxinul is unaffected.
The hellwing is unaffected.
The rust devil is unaffected.
The hellwing hits you!
* * * LOW HITPOINT WARNING * * *
The hellwing barely misses you.
The ynoxinul gestures.
The rust devil hits you.
* * * LOW HITPOINT WARNING * * *
The rust devil corrodes you!
You feel better. The ufetubus hits you.
* * * LOW HITPOINT WARNING * * *
The ufetubus barely misses you. The orc high priest barely misses you.
The hellwing hits you!
You die...

##### #..[[
..[[
##########
.........#+##
..._..5355..+
.....554o.8.#
......)@4...#
#########.8.#
#######.....#
#.....#...8.#
#.....#.....#
#..⌠..#..####
+.....'..#
+)[)..'..#
#####+++#####


You could see an orc high priest, a hellwing, a rust devil, a ynoxinul and 5
ufetubi.

Vanquished Creatures
  A two-headed ogre (D:9)
  A kobold demonologist (Bailey)
  Prince Ribbit (D:5)
  Menkaure (D:5)
  2 orc warriors (Bailey)
  A sky beast (D:6)
  2 ogres
  A crocodile (D:9)
  A centaur (D:8)
  2 scorpions
  A killer bee (D:8)
  An electric eel (Bailey)
  3 howler monkeys (D:9)
  A crimson imp (D:6)
  2 quasits
  A jelly (D:9)
  2 hounds
  3 orc priests
  Jessica (D:2)
  5 iguanas
  3 worker ants (D:4)
  Natasha (twice) (D:4)
  2 orc wizards
  Terence (D:3)
  A hound skeleton (D:9)
  2 gnolls (Bailey)
  13 adders
  2 shadow imps
  2 adder skeletons
  3 worms
  3 dart slugs
  2 leopard geckos
  29 orcs
  2 ball pythons
  8 bats
  6 giant cockroaches
  15 goblins
  8 hobgoblins
  8 jackals (D:3)
  5 quokkas
  4 frilled lizards
  2 jackal skeletons
  12 kobolds
  5 rats
  A spectral orc (D:6)
174 creatures vanquished.

Vanquished Creatures (others)
  An orc wizard (D:9)
  An adder (D:9)
  2 orcs (D:9)
4 creatures vanquished.

Grand Total: 178 creatures vanquished

Notes
Turn   | Place    | Note
-------+----------+-------------------------------------------
     0 | D:1      | MTVSty1e the Minotaur Monk began the quest for the Orb.
     0 | D:1      | Reached XP level 1. HP: 19/19 MP: 0/0
    91 | D:1      | Reached skill level 4 in Axes
   121 | D:1      | Reached XP level 2. HP: 26/26 MP: 1/1
   607 | D:1      | Reached skill level 5 in Axes
   803 | D:2      | Reached XP level 3. HP: 30/31 MP: 2/2
  1300 | D:2      | Noticed Jessica
  1306 | D:2      | Killed Jessica
  1306 | D:2      | Reached skill level 6 in Axes
  1306 | D:2      | Reached XP level 4. HP: 28/39 MP: 3/3
  1489 | D:2      | Found a sacrificial altar of Ru.
  1894 | D:3      | Reached skill level 7 in Axes
  1894 | D:3      | Reached XP level 5. HP: 25/45 MP: 4/4
  2088 | D:3      | Found a transporter.
  2151 | D:3      | Reached skill level 8 in Axes
  2511 | D:3      | Noticed Akransas's ghost (amateur DrWn)
  2512 | D:3      | Noticed an ogre
  2512 | D:3      | Identified the +3 dire flail of Pain and Death {freeze,
                  | rElec rC+++ Int-3 SInv}
  2512 | D:3      | Noticed an ogre
  2517 | D:3      | Found a transporter.
  2533 | D:3      | Noticed Terence
  2540 | D:3      | Killed Terence
  2540 | D:3      | Reached XP level 6. HP: 42/51 MP: 5/5
  2842 | D:4      | Found Kesaocle's Distillery.
  2905 | D:4      | Reached skill level 9 in Axes
  3071 | D:4      | Found a snail-covered altar of Cheibriados.
  3146 | D:4      | Found a blossoming altar of Fedhas.
  3165 | D:4      | Noticed Natasha
  3168 | D:4      | Killed Natasha
  3240 | D:4      | Reached XP level 7. HP: 44/57 MP: 6/6
  3454 | D:5      | Entered Level 5 of the Dungeon
  3484 | D:5      | Reached skill level 10 in Axes
  3557 | D:5      | Noticed Prince Ribbit
  3797 | D:4      | Noticed Natasha
  3804 | D:4      | Killed Natasha
  4096 | D:5      | Found a bloodstained altar of Trog.
  4147 | D:5      | Noticed Menkaure
  4154 | D:5      | Killed Menkaure
  4154 | D:5      | Reached skill level 11 in Axes
  4163 | D:5      | Got a transparent cloak
  4169 | D:5      | Identified the +2 cloak of Prudence {rN++} (You found it on
                  | level 5 of the Dungeon)
  4196 | D:5      | HP: 1/57 [Prince Ribbit (11)]
  4384 | D:5      | Killed Prince Ribbit
  4384 | D:5      | Reached XP level 8. HP: 7/64 MP: 7/7
  4850 | D:5      | Found an ancient bone altar of Kikubaaqudgha.
  4904 | D:6      | Found a basalt altar of Yredelemnul.
  4980 | D:6      | Reached skill level 12 in Axes
  5073 | D:6      | Reached skill level 13 in Axes
  5119 | D:6      | Found a shattered altar of Ashenzari.
  5193 | D:6      | You fall into a shaft and drop 3 floors!
  5334 | D:9      | Reached skill level 5 in Fighting
  5334 | D:9      | Reached skill level 14 in Axes
  5380 | D:9      | Noticed a two-headed ogre
  5387 | D:9      | Killed a two-headed ogre
  5387 | D:9      | Reached skill level 15 in Axes
  5387 | D:9      | Reached XP level 9. HP: 54/75 MP: 8/8
  5574 | D:8      | Found a flagged portal.
  5639 | Bailey   | Entered a bailey
  5956 | Bailey   | Found an iron altar of Okawaru.
  5956 | Bailey   | Noticed a kobold demonologist
  5956 | Bailey   | Noticed an orc high priest
  5960 | Bailey   | Noticed a hellwing
  5965 | Bailey   | Noticed a rust devil
  5967 | Bailey   | Killed a kobold demonologist
  5967 | Bailey   | Reached skill level 16 in Axes
  5974 | Bailey   | Slain by a hellwing

Levels and vault maps discovered:
D:1:      dpeg_arrival_rhombi, layout_basic, minivault_4
D:2:      layout_basic, lemuel_doored_altar, uniq_jessica
D:3:      layout_rooms, gammafunk_ghost_smash, first_ration, uniq_terence
D:4:      layout_rooms, lemuel_round_altar, fedhas_ov_isle_minmay, serial_shops,
          nicolae_shop_crystal, minmay_misc_feat_four_crosses, uniq_natasha
D:5:      layout_rooms, old_standard_altar, nicolae_overflow_crystal_walls,
          minmay_manual_mail, uniq_prince_ribbit1, uniq_menkaure
D:6:      layout_cave_pools, yredelemnul_forgotten_temple_becter,
          kennysheep_mini, kennysheep_crisscross
D:8:      layout_basic, nicolae_overflow_hidden_temple,
          due_lair_maze_entry_diamond, enter_bailey_3
D:9:      layout_roguey, fiery_altar_vehumet, kennysheep_path_1, minivault_12
Bailey:   bailey_axe_of_yendor_kennysheep, bailey

Skill      XL: |  1  2  3  4  5  6  7  8  9 |
---------------+----------------------------+-----
Axes           | 4 5 6 7 8 9 11 15 16 | 16.5
Fighting       | 6 7 |  7.1
Dodging        | |  3.2
Stealth        | |  1.5

Action                   |  1- 3 |  4- 6 |  7- 9 || total
-------------------------+-------+-------+-------++-------
Melee: Hand axe          |    92 |    51 |       ||   143
       Headbutt          |    18 |    23 |    39 ||    80
       War axe           |       |   106 |   223 ||   329
  Use: Scroll            |       |       |    20 ||    20
       Potion            |       |       |     7 ||     7
 Stab: Sleeping          |     2 |       |       ||     2
  Eat: Chunk             |     1 |     6 |     3 ||    10
       Ration            |       |       |     2 ||     2
Armor: Scale mail        |    41 |    56 |    67 ||   164
       Plate armour      |       |       |    14 ||    14
Dodge: Dodged            |    55 |    73 |   112 ||   240
Block: Buckler           |    10 |    16 |    25 ||    51
